 Dungeon Crawl Stone Soup version 0.18-a0-1589-g520a787 (webtiles) character file.

300 MenacingMecha the Cleaver (level 6, 0/51 HPs)
             Began as a Hill Orc Fighter on Mar 18, 2016.
             Slain by a phantom (2 damage)
             ... on level 4 of the Dungeon on Mar 19, 2016.
             The game lasted 00:16:40 (2818 turns).

MenacingMecha the Cleaver (Hill Orc Fighter)        Turns: 2818, Time: 00:16:40

Health: 0/51       AC: 11    Str: 25    XL:     6   Next: 36%
Magic:  6/6        EV:  5    Int:  8    God:
Gold:   113        SH:  9    Dex: 11    Spells: 0 memorised, 5 levels left

rFire  . . .     SeeInvis .     a - +0 war axe
rCold  . . .     Gourm    .     h - +0 chain mail
rNeg   . . .     Faith    .     c - +0 shield
rPois  .         Spirit   .     n - +1 helmet
rElec  .         Dismiss  .     (no cloak)
rCorr  .         Reflect  .     (no gloves)
SustAt .         Harm     .     (no boots)
MR     .....                    (no amulet)
Stlth  ..........               (no ring)
                                j - ring of wizardry

@: mighty, not resistant to hostile enchantments, extremely unstealthy
A: no striking features
a: no special abilities


You were on level 4 of the Dungeon.
You were hungry.

You visited 1 branch of the dungeon, and saw 4 of its levels.

You collected 113 gold pieces.

Inventory:

Hand Weapons
 a - a +0 war axe (weapon)
Armour
 c - a +0 shield (worn)
 h - a +0 chain mail (worn)
 n - a +1 helmet (worn)
Jewellery
 j - a ring of wizardry (left hand)
Scrolls
 b - 3 scrolls of enchant armour {unknown}
 e - 2 scrolls of identify {unknown}
 i - 2 scrolls of immolation {unknown}
 m - a scroll of fog {unknown}
 o - a scroll of amnesia {unknown}
 q - 2 scrolls of teleportation {unknown}
 r - a scroll of recharging {unknown}
 t - a scroll of fear {unknown}
 u - a scroll of enchant weapon {unknown}
Potions
 g - a potion of berserk rage {unknown}
 p - a potion of curing {unknown}
 w - a potion of agility {unknown}
Comestibles
 f - 2 bread rations
 s - 2 chunks of flesh
 v - 3 fruits


   Skills:
 - Level 3.6 Fighting
 + Level 8.6 Axes
 - Level 3.2 Armour
 - Level 3.2 Shields


You had 5 spell levels left.
You didn't know any spells.

Dungeon Overview and Level Annotations

Branches:
Dungeon (4/15)
 Temple: D:4-7

Altars:
Zin

Annotations:
D:2 small amount of gold behind iron grate, Sigmund


Message History

You hit the phantom.
The phantom is heavily damaged.
The phantom hits you.
* * * LOW HITPOINT WARNING * * *
You closely miss the phantom.
The phantom is heavily damaged.
The phantom blinks!
You see here a giant club.
The phantom hits you.
* * * LOW HITPOINT WARNING * * *
You see here a steel tomahawk.
Unknown command.
You slash the phantom!
The phantom is severely damaged.
You block the phantom's attack. The phantom hits you.
* * * LOW HITPOINT WARNING * * *
You miss the phantom.
The phantom is severely damaged.
The phantom hits you.
You die...

#.##.#........##.#
.......#####..#..#
..##.### #..#..#
####.#
#..#..#####.. ...
#............
#...# #)....%...#
#...# #.###.#...#
#.... ...# #)#
.... #...# ##..#
#@# #.
...##..W......
....##.........
....###.........
##(#...#.. .(#(..#
# .##...# . ##..


You could see a phantom.

Vanquished Creatures
  An ogre (D:4)
  A scorpion (D:4)
  A hound (D:4)
  3 adders (D:3)
  2 worms
  4 dart slugs
  6 giant geckos
  10 orcs
  2 ball pythons (D:3)
  7 bats
  5 giant cockroaches
  2 hobgoblins
  8 jackals
  2 quokkas (D:3)
  2 giant newts
  7 goblins
  8 kobolds
  5 rats
76 creatures vanquished.

Notes
Turn   | Place    | Note
--------------------------------------------------------------
     0 | D:1      | MenacingMecha the Hill Orc Fighter began the quest for the Orb.
     0 | D:1      | Reached XP level 1. HP: 19/19 MP: 1/1
    50 | D:1      | Reached skill level 3 in Axes
   117 | D:1      | Reached XP level 2. HP: 26/26 MP: 2/2
   254 | D:1      | Reached skill level 4 in Axes
   386 | D:1      | Reached XP level 3. HP: 31/31 MP: 3/3
   441 | D:1      | Upgraded the game from 0.18-a0-1584-g146024a to 0.18-a0-1589-g520a787
   736 | D:1      | Reached skill level 5 in Axes
   845 | D:2      | Noticed Sigmund
   950 | D:2      | Found a glowing silver altar of Zin.
  1040 | D:3      | Reached XP level 4. HP: 25/39 MP: 4/4
  1331 | D:3      | Reached skill level 6 in Axes
  2130 | D:3      | Reached XP level 5. HP: 33/45 MP: 5/5
  2652 | D:4      | Reached skill level 7 in Axes
  2794 | D:4      | Noticed an ogre
  2798 | D:4      | Noticed a phantom
  2804 | D:4      | Killed an ogre
  2804 | D:4      | Reached skill level 8 in Axes
  2804 | D:4      | Reached XP level 6. HP: 9/51 MP: 6/6
  2817 | D:4      | HP: 2/51 [phantom (1)]
  2818 | D:4      | Slain by a phantom

Vault maps used:
D:1:      saegor_arrival_simple_e, minmay_ruptured
D:2:      zin_treasury, first_bread, minmay_misc_feat_rows, uniq_sigmund
D:3:      minmay_mini_jars
D:4:      grunt_pakellas_basics

Skill      XL: |  1  2  3  4  5 |
---------------+----------------+-----
Axes           | 3 4 5 6 8 |  8.6
Fighting       | |  3.6
Armour         | |  3.2
Shields        | |  3.2

Action                   |  1- 3 |  4- 6 || total
-------------------------+-------+-------++-------
Melee: War axe           |   150 |   115 ||   265
Throw: Tomahawk          |       |     5 ||     5
  Use: Potion            |       |     1 ||     1
  Eat: Chunk             |     1 |     5 ||     6
